AoeStats
← Vilo41

Arena

509497268Analyzed
1v1 RM · 6d ago on Sep 27, 2026· 40m 9s· 2 players
Game mode
Random Map
Map size
Tiny (2 player)
Population
200
Speed
Normal
Resources
Standard
Victory
Conquest
Starting age
Dark Age
Ending age
Imperial Age
RankedLock teamsTeams togetherTeam positionsShared explorationLock speedFull tech treeHidden civsTurbo modeCheats
Victory
Defeat
🇨🇱 Teutons · Chile
849
+14
🇻🇪 Franks · Venezuela
816
-37
Gelblich
11:41 Feudal Age
15:44 Castle Age
14:03 Double-Bit Axe
20:15 Horse Collar
21:35 Fervor
21:56 Loom
24:03 Wheelbarrow
24:07 Gold Mining
24:07 Stone Mining
24:48 Bow Saw
27:21 Hand Cart
31:13 Imperial Age
30:39 Heavy Plow
31:42 Bloodlines
31:48 Forging
31:43 Scale Barding Armor
31:42 Scale Mail Armor
31:37 Fletching
33:20 Chemistry
32:41 Ballistics
33:23 Crenellations
33:24 Conscription
34:13 Crop Rotation
34:47 Two-Man Saw
34:52 Iron Casting
34:38 Chain Barding Armor
34:35 Chain Mail Armor
34:21 Bodkin Arrow
34:04 Elite Skirmisher
34:17 Cavalier
34:28 Pikeman
35:29 Masonry
35:46 Siege Engineers
35:35 Halberdier
36:16 Squires
36:02 Arson
39:13 Blast Furnace
38:49 Plate Barding Armor
38:44 Plate Mail Armor
38:15 Padded Archer Armor
39:15 Elite Teutonic Knight
39:36 Paladin
Vilo41
11:17 Feudal Age
12:46 Wheelbarrow
13:15 Double-Bit Axe
14:20 Town Watch
14:40 Stone Mining
17:16 Gold Mining
21:07 Castle Age
19:44 Man-at-Arms
22:16 Hand Cart
22:30 Bow Saw
30:17 Imperial Age
28:28 Long Swordsman
28:36 Crossbowman
30:40 Scale Mail Armor
32:46 Ballistics
33:37 Gold Shaft Mining
38:49 Chemistry
37:26 Pikeman
Connection lost

Rejoining the realm…

Still unreachable

The connection could not be restored.

Session expired

The server has moved on; the page needs a fresh start.